 Dungeon Crawl Stone Soup version 0.27.1-34-g3ba077fa99 (webtiles) character file.

Game seed: 230602448237665557

44 pkoi the Conjurer (level 3, 0/26 HPs)
             Began as a Draconian Conjurer on Jan 25, 2022.
             Succumbed to an adder's poison
             ... on level 2 of the Dungeon.
             The game lasted 00:01:23 (2106 turns).

pkoi the Conjurer (Draconian Conjurer)              Turns: 2106, Time: 00:01:24

Health: 0/26       AC:  5    Str:  9    XL:     3   Next: 39%
Magic:  1/6        EV: 12    Int: 19    God:
Gold:   56         SH:  0    Dex:  9    Spells: 5/6 levels left

rFire    . . .     SeeInvis .   g - +1 battleaxe (flame)
rCold    . . .     Faith    .   (shield currently unavailable)
rNeg     . . .     Spirit   .   (armour unavailable)
rPois    .         Reflect  .   (helmet restricted)
rElec    .         Harm     .   (no cloak)
rCorr    .         Rampage  .   (no gloves)
Will     .....                  (no boots)
Stlth    ++........             (no amulet)
HPRegen  0.08/turn              (no ring)
MPRegen  0.10/turn              (no ring)

@: mighty, lethally poisoned (0 -> -4)
A: AC +5, unfitting armour, cold-blooded
a: no special abilities


You were on level 2 of the Dungeon.
You visited 1 branch of the dungeon, and saw 2 of its levels.

You collected 56 gold pieces.

Inventory:

Hand Weapons
 c - a +0 mace
 g - a +1 battleaxe of flaming (weapon)
Scrolls
 b - a scroll of teleportation {unknown}
 e - 2 scrolls of immolation {unknown}
Potions
 d - a potion of degeneration {unknown}
 f - a potion of brilliance {unknown}
 h - a potion of mutation {unknown}


   Skills:
 - Level 1.7 Dodging
 - Level 1.7 Stealth
 + Level 2.3 Spellcasting
 * Level 5.0 Conjurations


You had 5 spell levels left.
You knew the following spells:

 Your Spells              Type           Power      Damage    Failure   Level
a - Magic Dart            Conj           84%        1d7       1%          1

Your spell library contained the following spells:

 Spells                   Type           Power      Damage    Failure   Level
 Searing Ray              Conj           42%        3d4       3%          2
 Dazzling Flash           Conj/Hex       22%        N/A       17%         3
 Fulminant Prism          Conj/Hex       5%         3d7       50%         4
 Iskenderun's Mystic Bla  Conj/Tloc      11%        2d4       50%         4


Dungeon Overview and Level Annotations

Branches:
Dungeon (2/15)

Altars:


Innate Abilities, Weirdness & Mutations

Your plain brown scales are hard. (AC +5)
You cannot fit into any form of body armour.
You are cold-blooded and may be slowed by cold attacks.


Message History

The adder is severely wounded.
The adder bites you. x2
Unknown command.
You barely miss the adder.
The adder is severely wounded.
The adder misses you. The adder closely misses you.
Unknown command.
You closely miss the adder.
Your tail-slap misses the adder.
The adder is severely wounded.
The adder barely misses you. The adder bites you.
Unknown command.
Aiming: Magic Dart (safe; 1% risk of failure)
Press: ? - help, Q - select action Shift-Dir - straight line, f/p - adder
Aim: an adder (severely wounded, 100% to hit)
The magic dart hits the adder.
The adder is almost dead.
The adder bites you.
You are poisoned.
The adder poisons you!
You completely miss the adder.
The adder is almost dead.
You feel sick. The adder bites you but does no damage. The adder bites you.
* * * LOW HITPOINT WARNING * * *
The adder closely misses you.
You barely miss the adder.
The adder is almost dead.
You feel sick. The adder bites you.
* * * LOW HITPOINT WARNING * * *
You are lethally poisoned!
The adder poisons you! The adder misses you.
Unknown command.
You barely miss the adder.
Your tail-slap misses the adder.
The adder is almost dead.
* * * LOW HITPOINT WARNING * * *
You feel sick. The adder closely misses you. The adder bites you.
* * * LOW HITPOINT WARNING * * *
Unknown command.
It was a potion of might.
You feel very mighty all of a sudden.
You die...

........####################
......................>.....
######......##.#######.#####
#......##..# #.#
#......###.# #)# #......#
#.# #.# #......###.## #.#
##......+....# #.#
......S@###..## #.#
#.#####.# #...# #.# #.#
#.#.####.#####
#.#####.###.#..##.......
#.........#.##.##..#####
#.....[.#.#.##..#..#
#.......#.#.###.#†.#
..†.....#.#.#......#
#########.#.#.#.##.#


You could see an adder.

Vanquished Creatures
  An adder (D:2)
  3 dart slugs (D:1)
  A bat (D:2)
  3 endoplasms (D:1)
  3 hobgoblins (D:1)
  4 quokkas (D:1)
  4 ball pythons (D:1)
  4 frilled lizards (D:1)
  A goblin (D:1)
  2 kobolds (D:1)
  3 rats
29 creatures vanquished.

Notes
Turn   | Place    | Note
-------+----------+-------------------------------------------
     0 | D:1      | pkoi the Draconian Conjurer began the quest for the Orb.
     0 | D:1      | Reached XP level 1. HP: 14/14 MP: 3/3
   246 | D:1      | Reached XP level 2. HP: 8/20 MP: 1/5
  1496 | D:1      | Reached XP level 3. HP: 26/26 MP: 2/6
  2008 | D:2      | Reached skill level 5 in Conjurations
  2105 | D:2      | HP: 1/26 [adder (3)]
  2106 | D:2      | Succumbed to an adder's poison

Illustrated notes

Levels and vault maps discovered:
D:1:      sevenhm_arrival_forest_fort_small_4, layout_loops_corners,
          minmay_hexomino_u4
D:2:      layout_basic, chequers_jeans

Skill      XL: |  1  2  3 |
---------------+----------+-----
Conjurations   | 5 |  5.0
Dodging        | |  1.7
Stealth        | |  1.7
Spellcasting   | |  2.3

Action                   || total
-------------------------++-------
Melee: Mace              ||    12
       Tailslap          ||     1
       Battleaxe         ||     8
 Cast: Magic Dart        ||    60
  Use: Potion            ||     1
Armor: Skin              ||     8
Dodge: Dodged            ||    23
